 Dungeon Crawl Stone Soup version 0.29-a0-1-gf2d273c862 (webtiles) character file.

Game seed: 5100526109966053464

164 Ijustatesigmund the Skirmisher (level 5, 0/35 HPs)
             Began as a Gargoyle Fighter on Jan 26, 2022.
             Slain by a kobold (2 damage)
             ... on level 3 of the Dungeon.
             The game lasted 00:02:37 (2189 turns).

Ijustatesigmund the Skirmisher (Gargoyle Fighter)   Turns: 2189, Time: 00:02:38

Health: 0/35       AC: 10    Str: 18 (21) XL:     5   Next: 45%
Magic:  5/5        EV:  9    Int:  8 (9)  God:
Gold:   74         SH:  4    Dex:  7 (9)  Spells: 4/4 levels left

rFire   . . .      SeeInvis .   a - +0 flail
rCold   . . .      Faith    .   c - +0 buckler
rNeg    + . .      Spirit   .   b - +0 scale mail
rPois   ∞          Reflect  .   (no helmet)
rElec   +          Harm     .   (no cloak)
rCorr   .          Rampage  .   (no gloves)
Will    .....                   (no boots)
Stlth   ..........              (no amulet)
HPRegen 0.11/turn               (no ring)
MPRegen 0.09/turn               (no ring)

@: no status effects
A: sickness immunity, AC +4, negative energy resistance 1, electricity
resistance, torment resistance 1, petrification resistance
a: no special abilities


You were on level 3 of the Dungeon.
You visited 1 branch of the dungeon, and saw 4 of its levels.

You collected 74 gold pieces.

Inventory:

Hand Weapons
 a - a +0 flail (weapon)
Armour
 b - a +0 scale mail (worn)
 c - a +0 buckler (worn)
Jewellery
 e - an amulet of faith
Potions
 d - a potion of might
 f - 2 potions of attraction
 h - a potion of lignification {unknown}


   Skills:
 + Level 5.2 Fighting
 + Level 4.1 Maces & Flails
 - Level 3.2 Armour
 - Level 3.2 Shields


You had 4 spell levels left.
You didn't know any spells.
Your spell library contained the following spells:

 Spells                   Type           Power      Damage    Failure   Level
 Static Discharge         Conj/Air       0%         N/A       95%         2
 Lightning Bolt           Conj/Air       0%         1d11      100%        5
 Maxwell's Capacitive Co  Air            0%         ∞         100%        8


Dungeon Overview and Level Annotations

Branches:
Dungeon (4/15)
 Temple: D:4-7

Altars:

Shops:
D:3 ([


Innate Abilities, Weirdness & Mutations

You are immune to sickness and miasma.
Your stone body is resilient. (AC +4)
You are immune to poison.
You resist negative energy. (rN+)
You are resistant to electric shocks. (rElec)
You are resistant to unholy torment.
You are immune to petrification.


Message History

The bat hits you but does no damage. The bat hits you but does no damage.
The bat closely misses you. The bat closely misses you.
There is a stone staircase leading down here.
The bat hits you but does no damage. x2; The iguana barely misses you.
You climb downwards.
The kobold shouts!
The hobgoblin shouts!
Found a stone staircase leading down.
There is a stone staircase leading up here.
You hit the iguana.
The iguana is moderately wounded.
The iguana barely misses you.
You barely miss the iguana.
The iguana is moderately wounded.
You block the iguana's attack.
You barely miss the iguana.
The iguana is moderately wounded.
The hobgoblin hits you but does no damage.
The iguana barely misses you.
A ball python comes into view.
You closely miss the iguana.
The iguana is moderately wounded.
The hobgoblin hits you. You block the iguana's attack.
The endoplasm freezes you.
You are frozen.
* * * LOW HITPOINT WARNING * * *
The hobgoblin hits you but does no damage.
The iguana bites you!
* * * LOW HITPOINT WARNING * * *
You block the endoplasm's attack. The kobold hits you but does no damage.
The hobgoblin closely misses you.
You climb upwards.
The bat hits you but does no damage.
The goblin hits you but does no damage. x2
There is a stone staircase leading down here.
It was a potion of degeneration.
There was something very wrong with that liquid.
You feel weakened.
You feel dopey.
You feel clumsy. The bat hits you but does no damage.
The goblin hits you but does no damage.
The kobold hits you with a +0 short sword.
You die...

.... .... #############
..... #...........#
....... #...........#
#........
#...........####.........
............Jb@gl........
.............Kg#.........
...............#.........
.......(.......#(........
.............#...........
.............#.#.........
##..##...##...#.#.........
....#.....###.#...........
# #.....†.##.###..)......


You could see an iguana, an endoplasm, a hobgoblin, a goblin, a bat and a
kobold.

Vanquished Creatures
  A necrophage (D:3)
  2 adders (D:2)
  2 worms (D:2)
  A dart slug (D:1)
  5 ball pythons
  3 endoplasms
  2 giant cockroaches (D:2)
  6 goblins
  6 hobgoblins
  4 jackals (D:2)
  3 quokkas
  6 bats
  4 frilled lizards
  3 kobolds
  4 rats
52 creatures vanquished.

Notes
Turn   | Place    | Note
-------+----------+-------------------------------------------
     0 | D:1      | Ijustatesigmund the Gargoyle Fighter began the quest for
                  | the Orb.
     0 | D:1      | Reached XP level 1. HP: 14/14 MP: 1/1
   178 | D:1      | Reached XP level 2. HP: 19/19 MP: 2/2
  1125 | D:2      | Reached XP level 3. HP: 24/24 MP: 3/3
  1158 | D:2      | Reached skill level 4 in Fighting
  1456 | D:2      | Reached XP level 4. HP: 30/30 MP: 4/4
  1600 | D:2      | Found a faded altar of an unknown god.
  2022 | D:3      | Found Minuw's Armour Shop.
  2046 | D:3      | Noticed a necrophage
  2057 | D:3      | Killed a necrophage
  2058 | D:3      | Reached skill level 5 in Fighting
  2058 | D:3      | Reached XP level 5. HP: 28/35 MP: 5/5
  2124 | D:3      | Found Yzod's Weapon Shoppe.
  2152 | D:3      | Identified the +1 falchion of Slow Death {vorpal, rF- rC+++
                  | Dex-3 Stlth+}
  2189 | D:3      | Slain by a kobold

Illustrated notes

Levels and vault maps discovered:
D:1:      sevenhm_arrival_forest_fort_large_4, layout_loops_corners
D:2:      layout_basic, shapermc_ecumenical_altar_totnotflames,
          minmay_misc_feat_tower, wad_floor_pattern_1,
          kennysheep_generic_room_11
D:3:      layout_basic, serial_shops, nicolae_shop_window_shopping,
          nicolae_shop_waterfront, shop_fountains,
          nicolae_shop_bloodbath_and_beyond, minmay_misc_feat_square
D:4:      layout_loops_ring, minmay_temple_entry_fiery, st_stairs_3,
          nicolae_figureground_sparkle

Skill      XL: |  1  2  3  4 |
---------------+-------------+-----
Fighting       | 4 5 |  5.2
Maces & Flails | 3 4 |  4.1
Armour         | |  3.2
Shields        | |  3.2

Action                   |  1- 3 |  4- 6 || total
-------------------------+-------+-------++-------
Melee: Flail             |   104 |    87 ||   191
  Use: Scroll            |     1 |       ||     1
       Potion            |       |     1 ||     1
Armor: Scale mail        |    58 |    78 ||   136
Dodge: Dodged            |    58 |    61 ||   119
Block: Buckler           |    21 |    18 ||    39

Table legend: (Time is in decaauts)
 A = Elapsed time spent in this place.
 B = Non-inter-level travel time spent in this place.
 C = Inter-level travel time spent in this place.
 D = Time resting spent in this place.
 E = Time spent auto-exploring this place.
 F = Levels seen in this place.
 G = Mean time per level.
                   A        B        C        D        E       F      G
               +--------+--------+--------+--------+--------+-----+--------+
         Total |   2244 |   2138 |    106 |      0 |   1731 |   4 |  561.0 |
       Dungeon |   2244 |   2138 |    106 |      0 |   1731 |   4 |  561.0 |
               +--------+--------+--------+--------+--------+-----+--------+

Top non-repeatable levels by time:
     D:1: 1082 daAuts
     D:2: 738 daAuts
     D:3: 417 daAuts
     D:4: 6 daAuts
